 Dungeon Crawl Stone Soup version 0.24.0-123-gd5b16e6ec5 (webtiles) character file.

Game seed: 3930425963688177994, levelgen mode: deterministic

208 Jynx the Cudgeler (level 5, 0/46 HPs)
             Began as a Minotaur Fighter on Jan 8, 2020.
             Slain by an orc (3 damage)
             ... on level 3 of the Dungeon.
             The game lasted 00:03:16 (2155 turns).

Jynx the Cudgeler (Minotaur Fighter)                Turns: 2155, Time: 00:03:16

Health: 0/46       AC:  9    Str: 22    XL:     5   Next: 55%
Magic:  4/4        EV:  7    Int:  5    God:
Gold:   98         SH:  0    Dex:  9    Spells: 4/4 levels left

rFire    + . .     SeeInvis .   a - +0 flail
rCold    + . .     Gourm    .   (no shield)
rNeg     . . .     Faith    .   h - +0 chain mail
rPois    +         Spirit   .   (helmet restricted)
rElec    +         Reflect  .   (no cloak)
rCorr    +         Harm     .   (no gloves)
MR       .....                  (no boots)
Stlth    ..........             (no amulet)
HPRegen  0.15/turn              (no ring)
MPRegen  0.09/turn              (no ring)

@: resistant
A: retaliatory headbutt, horns 2
a: no special abilities


You were on level 3 of the Dungeon.
You were very hungry.

You visited 1 branch of the dungeon, and saw 3 of its levels.

You collected 98 gold pieces.

Inventory:

Hand Weapons
 a - a +0 flail (weapon)
Missiles
 j - 6 boomerangs of dispersal (quivered)
Armour
 c - a +0 shield
 h - a +0 chain mail (worn)
Wands
 o - a wand of random effects (3)
Scrolls
 g - 2 scrolls of identify {unknown}
 i - 2 scrolls of fog {unknown}
 l - 2 scrolls of teleportation {unknown}
 m - 2 scrolls of immolation {unknown}
 n - a scroll of blinking {unknown}
Potions
 b - a potion of resistance
 d - a potion of might
 e - 2 potions of curing {unknown}
Comestibles
 f - 3 rations


   Skills:
 - Level 3.9 Fighting
 + Level 6.5 Maces & Flails
 - Level 3.9 Armour
 - Level 4.0 Shields


You had 4 spell levels left.
You didn't know any spells.
Your spell library was empty.

Dungeon Overview and Level Annotations

Branches:
Dungeon (3/15)

Altars:
Cheibriados
Sif Muna
Xom
Yredelemnul


Innate Abilities, Weirdness & Mutations

You reflexively headbutt those who attack you in melee.
You have a pair of horns on your head.


Message History

The orc priest calls upon Beogh to heal the orc.
The orc's wounds heal themselves!
You are feeling very hungry.
You sock the orc priest!
You kill the orc priest!
The orc hits you but does no damage. x2; The orc hits you.
* * * LOW HITPOINT WARNING * * *
Your chain mail prevents you from hitting the orc.
The orc barely misses you. The orc hits you but does no damage.
You barely miss the orc.
You feel sick.
You are no longer poisoned.
The orc hits you from afar with a +0 trident.
* * * LOW HITPOINT WARNING * * *
The orc barely misses you.
It was a potion of resistance.
You feel protected.
The orc hits you from afar with a +0 trident.
* * * LOW HITPOINT WARNING * * *
The orc hits you.
You die...

######### ######.......#
#....#.#####.#
########.##.#.....#.#####
.........##.......#.#...<
#######..##########.#.###
)......o@.#...........###
#######)###.####..#......
... #o.o#.# #..###...#
##...###o#.# #..###...#
#....S..o#.# #.........
#....o..##.#####.#######
#.>..o..##.#.....#
#...o...##.#.#####
#.......##...#


You could see 2 orcs.

Vanquished Creatures
  A bullfrog (D:2)
  A hound (D:2)
  An orc priest (D:3)
  A gnoll (D:1)
  2 adders
  A worm (D:2)
  3 dart slugs (D:1)
  3 leopard geckos
  2 orcs (D:3)
  A giant cockroach (D:1)
  7 goblins
  A hobgoblin (D:1)
  11 jackals
  A quokka (D:3)
  A bat (D:1)
  2 frilled lizards (D:2)
  2 kobolds (D:1)
  6 rats
47 creatures vanquished.

Notes
Turn   | Place    | Note
-------+----------+-------------------------------------------
     0 | D:1      | Jynx the Minotaur Fighter began the quest for the Orb.
     0 | D:1      | Reached XP level 1. HP: 19/19 MP: 0/0
   145 | D:1      | Reached XP level 2. HP: 10/27 MP: 1/1
   438 | D:1      | Reached skill level 3 in Maces & Flails
   556 | D:1      | Reached XP level 3. HP: 22/33 MP: 2/2
  1452 | D:2      | Found a basalt altar of Yredelemnul.
  1459 | D:2      | Reached skill level 4 in Maces & Flails
  1477 | D:2      | Found a snail-covered altar of Cheibriados.
  1497 | D:2      | Reached XP level 4. HP: 36/40 MP: 3/3
  1529 | D:2      | Noticed a bullfrog
  1538 | D:2      | Killed a bullfrog
  1538 | D:2      | Reached skill level 5 in Maces & Flails
  1538 | D:2      | Reached XP level 5. HP: 32/46 MP: 4/4
  1671 | D:2      | Found a shimmering blue altar of Sif Muna.
  1701 | D:2      | Reached skill level 6 in Maces & Flails
  2051 | D:2      | Found a shimmering altar of Xom.
  2052 | D:2      | Found a shimmering altar of Xom.
  2155 | D:3      | Slain by an orc

Levels and vault maps discovered:
D:1:      nzn_arrival_settlement, layout_loops_ring, minivault_14
D:2:      layout_basic, cheibriados_altar_1, overflow_temple_1_default,
          xom_redecorated, lemuel_round_altar
D:3:      layout_basic

Skill      XL: |  1  2  3  4  5 |
---------------+----------------+-----
Shields        | 4 |  4.0
Maces & Flails | 3 4 5 6 |  6.5
Fighting       | |  3.9
Armour         | |  3.9

Action                   |  1- 3 |  4- 6 || total
-------------------------+-------+-------++-------
Melee: Flail             |    77 |    57 ||   134
       Headbutt          |    10 |    10 ||    20
  Use: Potion            |       |     1 ||     1
  Eat: Chunk             |     2 |     1 ||     3
Armor: Scale mail        |    22 |       ||    22
       Chain mail        |    21 |    47 ||    68
Dodge: Dodged            |    28 |    22 ||    50
Block: Shield            |    12 |       ||    12
